Map: Newkirk Precinct TE (Void)

Players

Archer - Winner!

  • Race: Terran Terran
  • League: Silver
  • Spawn Location: 5:00

DVoid

  • Race: Terran Terran
  • League: Silver
  • Spawn Location: 7:00

VOD

Have the link to the VOD?

Description

Time

  • Played on: April 3, 2017, 6:31 p.m.
  • Length: 17:44
Show
View Real Time Build Order
Export as new Build Order

Archer Terran - Winner!

Build Orders: MMM Bio 

Get SALT Encoding   

  12  0:00  SCV  
  13  0:13  SCV  
  14  0:26  Supply Depot  
  14  0:29  SCV  
  15  0:48  SCV  
  16  0:50  Barracks  
  16  1:00  SCV  
  17  1:07  Barracks  
  17  1:12  SCV  
  18  1:24  SCV  
  19  1:36  Marine, SCV  
  21  1:45  Supply Depot  
  21  1:48  SCV  
  21  1:53  Refinery  
  22  1:54  Marine  
  23  2:02  Barracks  
  23  2:06  Marine  
  24  2:11  Supply Depot  
  24  2:12  Marine  
  25  2:16  Orbital Command  
  25  2:24  Marine  
  26  2:30  Marine  
  27  2:42  Marine  
  28  2:44  SCV  
  28  2:48  Marine  
  30  2:54  Barracks  
  30  2:57  Marine  
  31  2:59  Marine  
  31  3:02  SCV  
  33  3:05  Marine  
  33  3:08  Command Center  
  34  3:14  SCV  
  34  3:18  Barracks Tech Lab  
  35  3:23  Marine x2  
  37  3:37  SCV  
  37  3:41  Marine  
  39  3:47  Factory  
  39  3:56  SCV  
  39  4:01  Supply Depot, Marine x3  
  39  4:02  Marine  
  44  4:04  Stimpack  
  44  4:08  SCV  
  45  4:19  Marine  
  45  4:20  SCV  
  45  4:24  Supply Depot  
  47  4:27  Marine x3  
  50  4:41  Marine  
  50  4:45  Marine, SCV x2  
  53  4:51  Marine x2  
  47  5:08  Marine x2  
  47  5:09  Marine x2  
  47  5:14  Starport, SCV x2  
  53  5:17  Refinery  
  53  5:21  Engineering Bay  
  53  5:24  Factory Tech Lab  
  53  5:25  Barracks  
  53  5:26  Marine  
  54  5:36  Barracks Reactor  
  54  5:37  Barracks Reactor  
  54  5:49  Orbital Command  
  54  5:50  SCV  
  54  5:52  Marine x2  
  54  5:56  Medivac  
  59  6:02  SCV  
  60  6:06  Refinery  
  60  6:09  Marine  
  61  6:12  Marine x2  
  61  6:13  Marine x3  
  61  6:14  Marine, SCV  
  68  6:26  SCV x2  
  68  6:27  Marine  
  68  6:29  Medivac  
  68  6:30  Marine x3  
  68  6:32  Refinery  
  76  6:37  Starport  
  76  6:38  SCV  
  77  6:41  Marine  
  78  6:47  Supply Depot  
  78  6:55  Marine x3  
  78  6:57  Marine  
  78  6:58  Marine x2  
  78  6:59  Marine  
  84  7:10  Supply Depot  
  84  7:13  Marine x2  
  82  7:35  Marine x3  
  82  7:36  Marine x4  
  73  7:39  Starport Reactor  
  73  7:40  Medivac  
  75  7:53  Marine x4  
  75  7:54  Marine  
  80  8:05  Siege Tank  
  83  8:06  Marine  
  83  8:07  Marine, Command Center  
  83  8:10  Medivac  
  83  8:12  Missile Turret  
  87  8:19  Missile Turret  
  87  8:23  Terran Infantry Weapons Level 1  
  87  8:29  SCV  
  87  8:32  Missile Turret  
  88  8:41  Marine x2  
  88  8:42  Marine x2  
  88  8:43  Marine x2  
  88  8:44  Marine  
  88  8:46  Medivac  
  97  8:59  Marine  
  97  9:02  Marine x2  
  100  9:03  Marine x2  
  102  9:16  Supply Depot  
  102  9:18  Marine x2, Medivac x2  
  108  9:27  Marine  
  108  9:28  Marine x4  
  113  9:32  SCV  
  113  9:33  SCV x2  
  113  9:36  Marine x2  
  118  9:39  Supply Depot  
  118  9:41  Medivac  
  118  9:45  Marine x2  
  120  9:46  Marine x2  
  120  9:49  Marine  
  125  9:54  Marine x2  
  127  10:03  Supply Depot  
  91  10:38  Barracks Tech Lab  
  91  10:40  Combat Shields  
  91  10:42  Barracks  
  91  10:43  Terran Infantry Armor Level 1  
  91  10:48  Armory  
  91  10:49  SCV x3  
  94  10:54  Supply Depot, Medivac  
  94  10:55  Medivac  
  94  10:56  Marine x6  
  94  10:57  Marine  
  105  11:04  Missile Turret  
  105  11:10  Missile Turret  
  105  11:13  Marine  
  105  11:14  Marine x3  
  105  11:15  Missile Turret  
  105  11:16  Supply Depot  
  109  11:24  Missile Turret  
  109  11:29  Orbital Command  
  109  11:30  SCV  
  109  11:31  SCV  
  109  11:32  Marine x4  
  114  11:33  Marine  
  114  11:36  Engineering Bay  
  116  11:43  SCV  
  116  11:46  Missile Turret  
  117  11:47  Missile Turret  
  117  11:55  Marine x4  
  117  11:57  Marauder  
  123  12:01  Marine  
  100  12:27  Marine  
  100  12:28  Marine x6  
  107  12:45  Marine x3  
  107  12:46  Marine x3  
  107  12:47  Marauder  
  115  13:02  Medivac x3  
  115  13:03  Marine x4  
  115  13:04  Marine x2  
  127  13:24  Marine x4  
  127  13:25  Marine x3  
  134  13:34  Medivac x2  
  138  13:42  Marine x5  
  138  13:43  Marine x2  
  138  13:47  SCV x2  
  138  13:48  SCV  
  148  13:59  Refinery, SCV  
  148  14:00  Marine x6  
  148  14:01  Refinery  
  155  14:06  Marine  
  151  14:17  Marine  
  151  14:18  Marine x3  
  151  14:24  Marine x2  
  151  14:25  Marine  
  154  14:35  Marine x2  
  154  14:36  Marine x2  
  154  14:37  Medivac x3  
  164  15:06  SCV x3  
  128  15:07  Medivac  
  167  15:08  Medivac x2  
  173  15:18  Supply Depot  
  173  15:39  Marine x4, Marauder, Medivac  
  173  15:40  Supply Depot  
  181  16:02  Marine x3, Marauder, Siege Tank  
  189  16:04  Supply Depot  
  174  16:20  Marine  
  142  16:46  Marine x7  
  149  16:49  Medivac x3  
  153  17:04  Marine x7  
  154  17:21  Marine  
  154  17:22  Marine x6  
Show
View Real Time Build Order
Export as new Build Order

DVoid Terran 

Build Orders: Reaper Expand, MMM Bio 

Get SALT Encoding   

  12  0:02  SCV  
  14  0:14  SCV  
  14  0:20  Supply Depot  
  14  0:26  SCV  
  15  0:34  Refinery  
  15  0:41  SCV  
  16  0:47  Barracks  
  16  0:56  Supply Depot  
  16  0:59  SCV  
  17  1:11  SCV  
  17  1:18  Barracks  
  18  1:28  SCV  
  19  1:38  Reaper  
  20  1:50  Orbital Command  
  20  2:10  Refinery, Barracks Reactor  
  20  2:11  Barracks Tech Lab  
  20  2:23  Command Center  
  20  2:30  Combat Shields  
  20  2:34  SCV  
  21  2:39  Marine  
  22  2:46  Marine x2, SCV  
  25  2:57  Marine  
  26  2:58  SCV  
  26  3:04  Marine  
  28  3:05  Supply Depot  
  28  3:13  Engineering Bay  
  28  3:14  SCV  
  28  3:32  Marine  
  28  3:33  Marine x2  
  31  3:34  Bunker  
  31  3:41  Orbital Command  
  31  3:55  Factory  
  31  3:59  Stimpack  
  31  4:02  Marine  
  32  4:06  Marine  
  33  4:10  Orbital Command  
  33  4:12  Marine  
  34  4:22  Marine  
  34  4:24  Marine  
  36  4:32  Barracks  
  33  5:10  Marine x3  
  36  5:16  SCV  
  36  5:21  Missile Turret, Terran Infantry Weapons Level 1  
  37  5:26  Barracks Reactor  
  37  5:28  Marine, SCV, Starport  
  38  5:29  Orbital Command  
  38  5:30  Factory Reactor  
  38  5:35  Barracks  
  39  5:40  SCV  
  40  5:52  Marine x3, SCV  
  44  5:58  SCV  
  45  6:05  SCV  
  45  6:10  Marine, SCV  
  48  6:17  SCV  
  49  6:18  Barracks Reactor  
  49  6:22  Medivac x2, SCV  
  54  6:33  Starport  
  54  6:37  Supply Depot  
  54  6:41  Supply Depot  
  54  6:49  Factory Tech Lab  
  54  6:59  SCV x2, Medivac x2  
  54  7:01  Missile Turret  
  51  7:15  Terran Infantry Armor Level 1  
  50  7:29  Medivac x2  
  41  7:39  SCV x2  
  44  7:51  SCV x2  
  44  7:54  Command Center  
  45  8:03  Marine x3, SCV x2  
  50  8:12  Marine x3  
  53  8:15  Widow Mine, SCV x2  
  57  8:20  Marine  
  57  8:21  Marine x2  
  57  8:25  Medivac  
  57  8:26  Medivac x2  
  66  8:27  SCV, Medivac  
  66  8:30  SCV  
  70  8:47  Supply Depot x2  
  70  9:05  Marine, Widow Mine  
  70  9:06  SCV x2  
  75  9:11  Supply Depot, Hi-Sec Auto Tracking  
  75  9:14  Armory  
  75  9:18  SCV  
  75  9:20  Marine x3  
  75  9:21  Marine x2  
  75  9:23  Marine  
  82  9:27  Orbital Command  
  82  9:34  Widow Mine  
  82  9:36  Refinery  
  82  9:38  Marine x3  
  85  9:39  Refinery  
  87  10:02  Widow Mine  
  74  10:31  Widow Mine  
  76  10:46  Liberator  
  76  10:49  Orbital Command  
  76  10:57  Marine x5  
  76  10:59  Widow Mine  
  87  11:07  Barracks Tech Lab  
  87  11:09  Command Center  
  86  11:14  Marine x2  
  86  11:15  Marine  
  86  11:17  SCV x3  
  92  11:27  Liberator  
  92  11:28  Siege Tank  
  92  11:29  SCV x3  
  101  11:50  Missile Turret  
  101  11:52  Refinery, SCV x3  
  104  12:00  Siege Tank  
  107  12:04  SCV x2  
  109  12:10  SCV  
  109  12:12  Refinery  
  103  12:16  SCV x2  
  82  12:33  Marine x6  
  88  12:46  Liberator  
  88  12:50  Orbital Command, Marine  
  88  12:51  Marine x4  
  90  12:54  SCV x3  
  96  13:01  Orbital Command  
  96  13:05  Marine  
  99  13:06  SCV x3  
  99  13:08  Marine  
  99  13:09  Marine x4  
  107  13:18  SCV  
  98  13:23  Marine  
  98  13:26  Marine x2  
  98  13:27  Marine x3  
  100  13:41  Marine  
  100  13:44  Marine x5  
  106  14:00  SCV x3  
  109  14:09  Command Center, Terran Infantry Weapons Level 2  
  109  14:34  Command Center  
  109  14:54  SCV x2  
  109  15:08  Liberator  
  109  15:20  Factory, Factory Reactor, SCV x3  
  112  15:24  Medivac  
  117  15:33  SCV x2  
  119  15:36  Marine  
  119  15:37  Marine x4  
  124  15:43  Orbital Command  
  124  15:45  Marine  
  125  15:54  Marine  
  125  15:55  Marine x4  
  130  16:00  Orbital Command  
  130  16:03  Marine  
  131  16:12  Marine  
  131  16:13  Marine x4  
  122  16:21  Marine  
  98  16:30  Marine x3  
  77  16:36  Marine x2  
  74  16:48  Marine x3  
  77  16:54  Marine x2  
  75  17:06  Marine  
  75  17:12  Marine  
Tags
 
Add a new tag
Caveats
  • Supply blocks, unpowered buildings, or Contaminate may cause inaccurate times.
  • Supply counts are checked every 10 seconds.